 Dungeon Crawl Stone Soup version 0.31-a0-237-g2d982f9f85 (webtiles) character file.

Game seed: 16848631588878720926

237 qw the Shooter (level 6, -2/37 HPs)
             Began as a Gargoyle Hexslinger on July 10, 2023.
             Slain by an iguana (6 damage)
             ... on level 4 of the Dungeon.
             The game lasted 00:01:04 (3391 turns).

qw the Shooter (Gargoyle Hexslinger)                Turns: 3391, Time: 00:01:05

Health: -2/37      AC:  9    Str: 11    XL:     6   Next: 6%
Magic:  7/7        EV: 11    Int: 14    God:
Gold:   0          SH:  0    Dex: 14    Spells: 6/7 levels left

rFire   . . .        Y - +1 sling
rCold   . . .        (no shield)
rNeg    + . .        m - +0 leather armour
rPois   inf          f - +1 helmet
rElec   +            (no cloak)
rCorr   .            (no gloves)
SInv    +            (no boots)
Will    .....        (no amulet)
Stlth   +            g - ring of see invisible
HPRegen 0.26/turn    (no ring)
MPRegen 0.10/turn

%: no passive effects
@: no status effects
A: sickness immunity, AC +4, negative energy resistance 1, electricity
resistance, torment resistance 1, petrification resistance
a: no special abilities


You were on level 4 of the Dungeon.
You visited 1 branch of the dungeon, and saw 5 of its levels.

You collected 190 gold pieces.
You spent 190 gold pieces at shops.


Innate Abilities, Weirdness & Mutations

You are immune to sickness and miasma.
Your stone body is resilient. (AC +4)
You are immune to poison.
You resist negative energy. (rN+)
You are resistant to electric shocks. (rElec)
You are resistant to unholy torment.
You are immune to petrification.


   Skills:
 - Level 3.0 Fighting
 + Level 5.4 Ranged Weapons
 - Level 1.5 Dodging
 - Level 1.0 Spellcasting
 - Level 2.6 Hexes


You had 6 spell levels left.
You knew the following spells:

 Your Spells              Type           Power      Damage    Failure   Level
a - Slow                  Hex            32%        N/A       12%         1

Your spell library contained the following spells:

 Spells                   Type           Power      Damage    Failure   Level
 Inner Flame              Hex/Fire       4%         N/A       52%         3
 Portal Projectile        Hex/Tloc       8%         N/A       52%         3
 Cause Fear               Hex            4%         N/A       75%         4

Inventory:

Hand Weapons
 Y - a +1 sling (weapon)
Armour
 f - a +1 helmet (worn)
 m - a +0 leather armour (worn)
Jewellery
 b - a ring of ice
 g - a ring of see invisible (left hand)
Scrolls
 c - a scroll of identify
Potions
 a - a potion of mutation
 i - a potion of ambrosia {unknown}
 j - a potion of attraction {unknown}
 k - a potion of haste {unknown}
 l - 5 potions of curing
 n - a potion of cancellation

Dungeon Overview and Level Annotations

Branches:
Dungeon (5/15)
 Temple: D:4-7

Altars:
Ashenzari
Elyvilon

Shops:
D:4 ?!(

Annotations:
D:4 1 runed translucent door, Crazy Yiuf


Message History

There is a stone staircase leading down here.
You climb downwards.
The iguana bites you but does no damage.
There is a stone staircase leading up here.
You shoot a sling bullet. The sling bullet hits the iguana.
The iguana is lightly wounded.
The iguana misses you.
You shoot a sling bullet. The sling bullet hits the iguana.
The iguana is heavily wounded.
The iguana completely misses you. The iguana bites you.
You shoot a sling bullet.
The sling bullet barely misses the iguana.
The iguana bites you!
3384 ||| STAIRDANCE The iguana bites you.
You climb upwards.
Level annotation: 1 runed translucent door, Crazy Yiuf
There is a stone staircase leading down here.
You shoot a sling bullet.
The sling bullet hits the iguana but does no damage.
The iguana is heavily wounded.
The iguana bites you!
You shoot a sling bullet. The sling bullet hits the iguana.
The iguana is heavily wounded.
The iguana misses you.
You shoot a sling bullet. The sling bullet hits the iguana.
The iguana is severely wounded.
The iguana bites you!
You shoot a sling bullet.
The sling bullet hits the iguana but does no damage.
The iguana is severely wounded.
The iguana bites you but does no damage.
You shoot a sling bullet.
The sling bullet barely misses the iguana.
The iguana completely misses you. The iguana bites you.
You shoot a sling bullet.
The sling bullet hits the iguana but does no damage.
The iguana is severely wounded.
The iguana bites you.
You die... ##### #..........# #............ #)..# #..........###.##########. #...# #..........##..........##. ... #..........##..........##. #+# #.........###..........##. 7!77

#...............).<..#.##. 77.7
#...................##.##. 7.77
##........%............##. 77.7
#........@..........#####. 77.77
#.........l.........)..... 77.P.7
#.<......................# 7P...7
#......................... #....#
#.........................
#....###%........................
.........................#######.
....#..#..........#..........# #.
....#..#..........#..........# #.


You could see an iguana.

Vanquished Creatures
  A scorpion (D:4)
  2 hounds (D:4)
  5 adders
  3 worms
  2 dart slugs
  4 endoplasms
  9 goblins
  6 hobgoblins
  4 jackals (D:3)
  6 kobolds
  3 quokkas
  6 ball pythons
  A bat (D:2)
  2 frilled lizards (D:1)
  3 rats
57 creatures vanquished.

Notes
Turn   | Place    | Note
-------+----------+-------------------------------------------
     0 | D:1      | qw the Gargoyle Hexslinger began the quest for the Orb.
     0 | D:1      | Reached XP level 1. HP: 12/12 MP: 2/2
     0 | D:1      | 0 ||| qw: Version: 0.3-a-52-g30416fa
     0 | D:1      | 0 ||| qw: Game counter: 5140
     0 | D:1      | 0 ||| qw: Melee chars always use a shield: true
     0 | D:1      | 0 ||| qw: God list: Okawaru
     0 | D:1      | 0 ||| qw: Allow faded altars: false
     0 | D:1      | 0 ||| qw: Do Orc after clearing Dungeon:15 true
     0 | D:1      | 0 ||| qw: Do second Lair branch before Depths: true
     0 | D:1      | 0 ||| qw: Lair rune preference: random
     0 | D:1      | 0 ||| qw: Goals: Normal
     0 | D:1      | 0 ||| PLANNING D:1-11
   119 | D:1      | Reached XP level 2. HP: 16/16 MP: 3/3
   275 | D:1      | Reached skill level 3 in Ranged Weapons
   648 | D:1      | 648 ||| UPGRADING to +1 helmet.
   653 | D:1      | 653 ||| UPGRADING to ring of see invisible.
   654 | D:1      | 654 ||| READING scroll labelled TITWUCW QULOS.
   655 | D:1      | 655 ||| READING scroll labelled MIQYANK QIEZAL.
   656 | D:1      | 656 ||| READING scroll labelled FAMITT KEME.
   657 | D:1      | 657 ||| READING scroll labelled OKHLOGR SUUPHOI.
   658 | D:1      | 658 ||| DROPPING scroll of poison.
   719 | D:2      | Reached XP level 3. HP: 21/21 MP: 4/4
  1502 | D:2      | 1502 ||| READING scroll labelled GARPHI QUM DUU.
  1547 | D:3      | Reached XP level 4. HP: 26/26 MP: 5/5
  1896 | D:3      | Reached skill level 4 in Ranged Weapons
  2202 | D:3      | Found a broken altar of Ashenzari.
  2268 | D:3      | 2268 ||| UPGRADING to +0 leather armour.
  2278 | D:3      | 2278 ||| DROPPING +0 robe.
  2279 | D:3      | 2279 ||| DRINKING 2 murky ruby potions.
  2280 | D:3      | 2280 ||| DRINKING 3 puce potions.
  2281 | D:3      | 2281 ||| DROPPING potion of degeneration.
  2320 | D:4      | Found Usuqig's Weapon Boutique.
  2456 | D:4      | Noticed a scorpion
  2476 | D:4      | Killed a scorpion
  2477 | D:4      | Reached skill level 5 in Ranged Weapons
  2477 | D:4      | Reached XP level 5. HP: 10/30 MP: 6/6
  2695 | D:4      | Found Fied's Distillery.
  2713 | D:4      | 2713 ||| BUYING 2 potions of curing (72 gold).
  2713 | D:4      | Bought 2 potions of curing for 72 gold pieces
  2713 | D:4      | 2713 ||| BUYING potion of cancellation (96 gold).
  2713 | D:4      | Bought a potion of cancellation for 96 gold pieces
  2713 | D:4      | 2713 ||| SHOPLISTING potion of enlightenment (60 gold, have
                  | 6).
  2713 | D:4      | 2713 ||| SHOPLISTING potion of haste (120 gold, have 6).
  2760 | D:4      | Found Ophysaez's Magic Scroll Shoppe.
  2774 | D:4      | Found a white marble altar of Elyvilon.
  2823 | D:4      | 2823 ||| SHOPLISTING scroll of enchant armour (82 gold,
                  | have 22).
  2823 | D:4      | 2823 ||| SHOPLISTING scroll of enchant weapon (82 gold,
                  | have 22).
  2823 | D:4      | 2823 ||| BUYING scroll of identify (22 gold).
  2823 | D:4      | Bought a scroll of identify for 22 gold pieces
  2823 | D:4      | 2823 ||| SHOPLISTING scroll of identify (22 gold, have 0).
  2823 | D:4      | 2823 ||| SHOPLISTING scroll of teleportation (33 gold, have
                  | 0).
  2919 | D:4      | Found a runed translucent door.
  2920 | D:4      | Noticed Crazy Yiuf
  3221 | D:4      | 3221 ||| READING 4 scrolls of identify.
  3221 | D:4      | 3221 ||| IDENTIFYING dark potion
  3222 | D:4      | 3222 ||| READING 3 scrolls of identify.
  3222 | D:4      | 3222 ||| IDENTIFYING brown potion
  3223 | D:4      | 3223 ||| READING 2 scrolls of identify.
  3223 | D:4      | 3223 ||| IDENTIFYING fuming green potion
  3224 | D:4      | 3224 ||| DROPPING potion of lignification.
  3246 | D:5      | Entered Level 5 of the Dungeon
  3259 | D:5      | 3259 ||| STAIRDANCE
  3269 | D:4      | HP: 6/31 [hound (5)]
  3270 | D:4      | 3270 ||| READING scroll of teleportation.
  3271 | D:4      | 3271 ||| DRINKING potion of heal wounds.
  3274 | D:4      | Reached skill level 3 in Fighting
  3333 | D:4      | Reached XP level 6. HP: 33/37 MP: 7/7
  3384 | D:5      | 3384 ||| STAIRDANCE
  3388 | D:4      | HP: 8/37 [iguana (10)]
  3390 | D:4      | HP: 3/37 [iguana (5)]
  3391 | D:4      | Slain by an iguana

Levels and vault maps discovered:
D:1:      dpeg_arrival_connections, layout_loops_ring
D:2:      layout_loops_corners, solitary_fountain
D:3:      layout_basic, lemuel_coloured_pillars_altar
D:4:      layout_basic, nicolae_elyvilon_peaceful_grove, serial_shops,
          nicolae_shop_window_shopping, nicolae_shop_stone, shop,
          uniq_crazy_yiuf_cottage
D:5:      layout_cave_pools, minmay_temple_entry_mini_moons, serial_shops, shop,
          nicolae_shop_window_shopping, nicolae_shop_tiny_statue_garden,
          nicolae_shop_real_fake_doors

Skill      XL: |  1  2  3  4  5 |
---------------+----------------+-----
Ranged Weapons | 3 5 |  5.4
Fighting       | 2 3 |  3.0
Dodging        | |  1.5
Spellcasting   | |  1.0
Hexes          | |  2.6

Action                     |  1- 3 |  4- 6 || total
---------------------------+-------+-------++-------
   Fire: Sling             |    69 |   162 ||   231
    Use: Scroll            |     5 |     4 ||     9
         Potion            |       |     3 ||     3
 Armour: Robe              |     2 |    10 ||    12
         Leather armour    |       |    65 ||    65
  Dodge: Dodged            |     7 |    85 ||    92

Table legend:
 A = Non-vault XP
 B = Vault XP
 C = Vault XP percentage of total XP
 D = Non-vault monster count
 E = Vault monster count
 F = Vault count percentage of total count
                 A         B        C        D         E       F
            +---------+---------+-------+---------+---------+-------
      Total |     339 |       0 |   0.0 |      57 |       0 |   0.0
            +---------+---------+-------+---------+---------+-------
        D:1 |      23 |       0 |   0.0 |      14 |       0 |   0.0
        D:2 |      57 |       0 |   0.0 |      15 |       0 |   0.0
        D:3 |      34 |       0 |   0.0 |      12 |       0 |   0.0
        D:4 |     225 |       0 |   0.0 |      16 |       0 |   0.0
            +---------+---------+-------+---------+---------+-------
